Map: Automaton LE

Players

Trust - Winner!

  • Race: Protoss Protoss
  • Spawn Location: 9:00

Solar

  • Race: Zerg Zerg
  • Spawn Location: 3:00

Event: IEM Season 13: Katowice (2019)

VOD

Have the link to the VOD?

Description

Time

  • Played on: Feb. 26, 2019, 11:46 a.m.
  • Length: 9:26

All games in this series

Show
View Real Time Build Order
Export as new Build Order

Trust Protoss - Winner!

Build Orders: Oracle Opening, Phoenix Opening, Mass Phoenix 

Get SALT Encoding   

  12  0:00  Probe  
  13  0:12  Probe  
  14  0:18  Pylon  
  14  0:24  Probe  
  15  0:32  Probe  
  15  0:39  Gateway  
  15  0:40  Probe  
  16  0:49  Assimilator  
  17  0:51  Probe  
  18  1:00  Pylon  
  18  1:03  Probe  
  19  1:15  Probe  
  19  1:18  Gateway  
  20  1:27  Probe  
  20  1:32  Cybernetics Core  
  22  1:40  Probe  
  22  1:58  Adept  
  22  2:01  Nexus  
  24  2:13  Assimilator  
  24  2:19  Adept  
  24  2:21  Stalker  
  26  2:23  Probe  
  29  2:37  Probe  
  30  2:46  Stargate  
  30  3:00  Pylon  
  30  3:08  Probe  
  33  3:14  Probe  
  32  3:20  Probe  
  32  3:21  Warp Gate, Phoenix  
  32  3:26  Probe  
  32  3:33  Probe  
  35  3:38  Zealot, Probe  
  36  3:41  Pylon  
  36  3:43  Oracle  
  36  3:45  Probe  
  37  3:50  Probe  
  41  3:57  Probe  
  41  3:59  Assimilator  
  41  4:02  Probe  
  43  4:03  Assimilator  
  43  4:09  Probe, Stargate  
  44  4:14  Probe  
  45  4:21  Probe  
  46  4:26  Probe  
  47  4:32  Pylon  
  47  4:33  Probe, Phoenix  
  50  4:39  Probe  
  50  4:44  Pylon, Phoenix  
  50  4:45  Probe  
  52  4:51  Probe  
  52  4:52  Phoenix  
  53  4:57  Probe  
  58  5:04  Gateway  
  58  5:08  Phoenix  
  58  5:10  Probe x2  
  58  5:13  Pylon  
  58  5:14  Phoenix  
  64  5:30  Adept  
  64  5:33  Phoenix  
  68  5:36  Phoenix  
  68  5:52  Zealot  
  68  5:53  Nexus  
  68  5:56  Pylon  
  70  6:00  Zealot  
  72  6:07  Phoenix x2  
  76  6:21  Robotics Facility  
  76  6:29  Phoenix x2  
  80  6:34  Pylon  
  78  6:47  Phoenix  
  78  6:51  Sentry x2  
  78  6:52  Probe x2  
  84  6:56  Forge  
  84  6:59  Gateway  
  84  7:01  Gateway  
  86  7:02  Gateway  
  86  7:03  Phoenix  
  88  7:12  Phoenix  
  88  7:18  Probe x3  
  88  7:22  Robotics Bay  
  91  7:26  Gateway, Probe x2  
  91  7:28  Phoenix  
  95  7:39  Observer  
  95  7:40  Probe x3  
  95  7:43  Assimilator  
  98  7:44  Pylon, Assimilator  
  99  7:54  Probe x3, Colossus  
  99  7:55  Pylon  
  102  8:03  Twilight Council  
  102  8:06  Probe x3  
  114  8:22  Shield Battery  
  109  8:28  Sentry, Zealot  
  109  8:33  Stalker x2  
  117  8:34  Stalker  
  117  8:39  Shield Battery  
  117  8:40  Photon Cannon  
  119  8:41  Shield Battery  
  119  8:43  Sentry  
  110  8:59  Stalker  
  110  9:00  Stalker  
  110  9:02  Zealot x3  
  103  9:08  Zealot  
  103  9:13  Probe x3  
Show
View Real Time Build Order
Export as new Build Order

Solar Zerg 

Build Orders: Hatch First 

Get SALT Encoding   

  12  0:01  Drone  
  13  0:13  Overlord  
  13  0:18  Drone  
  14  0:32  Drone x2  
  16  0:50  Hatchery  
  16  0:53  Drone  
  16  0:56  Drone  
  17  1:00  Drone  
  18  1:10  Extractor  
  17  1:15  Spawning Pool  
  17  1:18  Drone  
  17  1:21  Drone  
  18  1:30  Drone  
  19  1:39  Drone  
  20  1:52  Hatchery  
  19  1:54  Drone  
  20  2:02  Queen x2  
  20  2:03  Zergling x2  
  20  2:06  Zergling x2  
  27  2:13  Metabolic Boost  
  27  2:21  Overlord  
  27  2:23  Zergling x2  
  28  2:40  Zergling x2, Drone x2  
  33  2:44  Drone  
  32  2:52  Drone  
  32  2:57  Zergling x2  
  33  3:03  Zergling x4  
  34  3:11  Drone x3  
  35  3:18  Overlord  
  35  3:19  Drone  
  34  3:20  Drone  
  35  3:31  Hatchery  
  34  3:34  Drone  
  34  3:38  Drone x2  
  34  3:40  Drone  
  38  3:42  Drone  
  39  3:49  Drone  
  39  3:51  Queen  
  39  3:54  Drone  
  43  3:56  Overlord  
  43  4:00  Drone, Spore Crawler  
  43  4:04  Overlord  
  43  4:15  Drone  
  43  4:16  Lair  
  44  4:22  Overlord  
  44  4:23  Drone x4  
  48  4:25  Drone  
  48  4:27  Drone  
  50  4:32  Drone x2  
  51  4:44  Queen, Spore Crawler  
  52  4:47  Roach Warren  
  52  4:48  Extractor x2  
  52  4:49  Drone  
  52  4:50  Drone  
  51  4:53  Drone x2  
  51  4:54  Drone  
  51  4:57  Drone x2  
  56  5:03  Zergling x6  
  60  5:07  Overlord  
  60  5:08  Overlord  
  60  5:09  Drone x2  
  60  5:10  Drone  
  63  5:14  Overseer  
  63  5:16  Drone  
  63  5:17  Hydralisk Den  
  63  5:21  Spore Crawler x2  
  62  5:24  Drone x2  
  62  5:27  Extractor  
  64  5:28  Zergling x2  
  64  5:29  Zergling x10  
  64  5:31  Overlord  
  64  5:34  Overlord  
  70  5:37  Drone  
  71  5:46  Hydralisk x2  
  71  5:48  Overlord  
  73  5:50  Overlord  
  73  5:52  Spore Crawler  
  73  5:53  Grooved Spines  
  73  5:54  Hydralisk  
  73  5:57  Hydralisk  
  73  5:59  Drone  
  73  6:01  Drone  
  73  6:03  Hydralisk  
  79  6:07  Hydralisk  
  79  6:09  Drone x2  
  79  6:11  Drone  
  80  6:15  Drone x2  
  80  6:17  Hydralisk  
  81  6:22  Hydralisk  
  81  6:24  Drone x2  
  81  6:25  Drone  
  84  6:27  Drone  
  84  6:28  Hydralisk  
  84  6:31  Drone  
  84  6:32  Drone  
  84  6:35  Drone  
  84  6:38  Queen  
  85  6:41  Hydralisk  
  85  6:45  Hydralisk  
  87  6:48  Overlord  
  87  6:53  Hydralisk, Baneling Nest  
  88  6:55  Hydralisk  
  90  7:02  Spore Crawler  
  90  7:03  Hydralisk  
  90  7:04  Muscular Augments  
  90  7:06  Hydralisk  
  88  7:12  Overlord x2  
  88  7:14  Drone x2  
  88  7:15  Drone  
  87  7:19  Hydralisk  
  87  7:22  Overlord  
  89  7:24  Overlord  
  89  7:30  Hydralisk x2  
  89  7:33  Hydralisk  
  89  7:36  Hydralisk  
  91  7:41  Hydralisk  
  91  7:44  Hydralisk  
  91  7:47  Hydralisk  
  91  7:50  Hydralisk  
  97  7:55  Hydralisk  
  97  7:58  Hydralisk  
  97  8:02  Zergling x8  
  97  8:05  Zergling x4  
  104  8:12  Overlord  
  105  8:13  Baneling x6  
  105  8:17  Zergling x2  
  105  8:18  Zergling x4  
  108  8:20  Baneling x3  
  108  8:23  Hydralisk  
  111  8:27  Zergling x4  
  111  8:29  Baneling x2  
  111  8:31  Zergling x2  
  111  8:32  Zergling x4  
  111  8:33  Zergling x2  
  116  8:35  Baneling  
  116  8:36  Zergling x2  
  116  8:38  Zergling x2  
  116  8:39  Zergling x2  
  119  8:41  Baneling x2  
  119  8:45  Zergling x6  
  119  8:48  Overlord  
  121  8:51  Overlord  
  121  8:55  Zergling x2  
  114  8:57  Zergling x2  
  114  8:58  Hydralisk  
  114  9:00  Hydralisk  
  106  9:06  Zergling x2  
  106  9:08  Zergling x2  

Tags
 
Add a new tag
Caveats
  • Supply blocks, unpowered buildings, or Contaminate may cause inaccurate times.
  • Supply counts are checked every 10 seconds.